 Dungeon Crawl Stone Soup version 0.31-a0-233-g139696dc86 (webtiles) character file.

Game seed: 12552679074702591952

211 pokeman the Magician (level 5, -12/29 HPs)
             Began as a Deep Elf Hedge Wizard on July 9, 2023.
             Mangled by a sleepcap (14 damage)
             ... in the Ecumenical Temple.
             The game lasted 00:07:43 (4297 turns).

pokeman the Magician (Deep Elf Hedge Wizard)        Turns: 4297, Time: 00:07:44

Health: -12/29     AC:  3    Str:  7    XL:     5   Next: 57%
Magic:  0/15       EV:  2    Int: 21    God:
Gold:   230        SH:  0    Dex: 14    Spells: 4/16 levels left

rFire   . . .        a - +0 dagger
rCold   . . .        (no shield)
rNeg    . . .        b - +0 robe
rPois   .            k - +0 helmet
rElec   .            (no cloak)
rCorr   .            (no gloves)
SInv    .            (no boots)
Will    .....        (no amulet)
Stlth   ++           (no ring)
HPRegen 0.24/turn    (no ring)
MPRegen 0.14/turn

%: no passive effects
@: sleeping, very slightly contaminated
A: no striking features
a: no special abilities


You were in the Ecumenical Temple.
You visited 2 branches of the dungeon, and saw 5 of its levels.

You collected 230 gold pieces.

Inventory:

Hand Weapons
 a - a +0 dagger (weapon)
Armour
 b - a +0 robe (worn)
 k - a +0 helmet (worn)
Wands
 n - a wand of polymorph (6)
Scrolls
 f - 4 scrolls of amnesia {unknown}
 g - 3 scrolls of identify {unknown}
 i - 2 scrolls of fear {unknown}
 l - 3 scrolls of silence {unknown}
 o - 2 scrolls of poison {unknown}
Potions
 c - 2 potions of heal wounds {unknown}
 d - a potion of magic
 e - 2 potions of might {unknown}
 h - a potion of enlightenment {unknown}
 j - 3 potions of resistance {unknown}
 m - 3 potions of haste {unknown}


   Skills:
 - Level 1.0 Fighting
 - Level 1.0 Armour
 - Level 3.0 Dodging
 - Level 3.0 Stealth
 * Level 6.2 Spellcasting
 + Level 2.7 Conjurations
 - Level 1.1 Summonings
 - Level 1.1 Translocations
 - Level 1.0 Fire Magic
 + Level 0.7 Air Magic
 + Level 0.9 Poison Magic
 + Level 0.3 Evocations


You had 4 spell levels left.
You knew the following spells:

 Your Spells              Type           Power      Damage    Failure   Level
a - Magic Dart            Conj           72%        1d6       3%          1
b - Mephitic Cloud        Conj/Pois/Air  12%        N/A       16%         3
c - Call Imp              Summ           22%        N/A       9%          2
d - Blink                 Tloc           22%        N/A       9%          2
e - Flame Wave            Conj/Fire      14%        2d6       41%         4

Your spell library contained the following spells:

 Spells                   Type           Power      Damage    Failure   Level
 Lesser Beckoning         Tloc           22%        N/A       9%          2
 Slow                     Hex            24%        N/A       10%         1
 Cigotuvi's Dreadful Rot  Necr/Pois/Air  16%        N/A       12%         2
 Gell's Gravitas          Tloc           11%        N/A       19%         3
 Teleport Other           Tloc           11%        N/A       19%         3
 Inner Flame              Hex/Fire       8%         N/A       24%         3
 Sticky Flame             Conj/Fire      14%        2d4       41%         4


Dungeon Overview and Level Annotations

Branches:
Dungeon (4/15)             Temple (1/1) D:4

Altars:
Nemelex Xobeh
Ru


Message History

Your magical contamination has completely faded away.
Casting: Magic Dart (safe; 3% risk of failure)
Confirm with . or Enter, or press ? or * to list all spells.
You miscast Blink.
You are very lightly contaminated with residual magic.
Nothing appears to happen.
The sleepcap closely misses you.
Your cerulean imp hits the sleepcap from afar with a -3 spear.
Unknown command.
Casting: Blink (safe; 9% risk of failure)
Confirm with . or Enter, or press ? or * to list all spells.
You miscast Blink.
Nothing appears to happen.
Your cerulean imp hits the sleepcap but does no damage.
The sleepcap releases spores at you but does no damage.
Unknown command.
The sleepcap attacks as you move away! The sleepcap releases spores at you.
Your cerulean imp hits the sleepcap but does no damage.
The sleepcap attacks as you move away! The sleepcap releases spores at you.
* * * LOW HITPOINT WARNING * * *
The sleepcap attacks as you move away! The sleepcap closely misses you.
Your cerulean imp hits the sleepcap from afar with a -3 spear.
The sleepcap attacks as you move away! The sleepcap barely misses you.
Your cerulean imp hits the sleepcap but does no damage.
The sleepcap attacks as you move away!
The sleepcap releases spores at you but does no damage.
Your cerulean imp hits the sleepcap but does no damage.
There is a fountain of clear blue water here.
Your magical contamination has completely faded away.
Casting: Blink (safe; 9% risk of failure)
Confirm with . or Enter, or press ? or * to list all spells.
You miscast Blink.
You are very lightly contaminated with residual magic.
Nothing appears to happen.
Your cerulean imp hits the sleepcap but does no damage.
The sleepcap releases spores at you.
* * * LOW HITPOINT WARNING * * *
You are engulfed in a cloud of soporific spores!
You fall asleep.
Your cerulean imp hits the sleepcap from afar with a -3 spear.
The sleepcap releases spores at you!
You die...

##+##
##.@.##
#..f..#
+..⌠..+
#..5..#
##....#
#....#
#....##
#.....#
##....#


You could see a sleepcap (ally target) and a friendly cerulean imp (summoned).

Vanquished Creatures
  A hound (D:4)
  3 gnolls
  5 adders
  A worm (D:2)
  5 dart slugs
  3 orcs
  13 ball pythons
  5 bats
  5 endoplasms
  5 giant cockroaches
  6 goblins
  3 hobgoblins
  3 jackals (D:2)
  5 quokkas
  3 frilled lizards
  5 kobolds
  5 rats
76 creatures vanquished.

Vanquished Creatures (collateral kills)
  Robin (D:3)
  A goblin (D:3)
  2 hobgoblins (D:3)
  A jackal (D:2)
  A quokka (D:2)
6 creatures vanquished.

Grand Total: 82 creatures vanquished

Notes
Turn   | Place    | Note
-------+----------+-------------------------------------------
     0 | D:1      | pokeman the Deep Elf Hedge Wizard began the quest for the
                  | Orb.
     0 | D:1      | Reached XP level 1. HP: 10/10 MP: 7/7
   475 | D:1      | Reached XP level 2. HP: 13/16 MP: 3/9
   918 | D:1      | Reached skill level 5 in Spellcasting
  1219 | D:1      | Reached XP level 3. HP: 17/20 MP: 6/11
  1223 | D:1      | Learned a level 3 spell: Mephitic Cloud
  1226 | D:1      | Learned a level 2 spell: Call Imp
  1229 | D:1      | Learned a level 2 spell: Blink
  1738 | D:2      | Reached skill level 1 in Fighting
  2264 | D:2      | Reached skill level 1 in Armour
  2794 | D:3      | Reached XP level 4. HP: 15/25 MP: 1/13
  3451 | D:3      | Found a faded altar of an unknown god.
  3461 | D:3      | Learned a level 4 spell: Flame Wave
  3556 | D:3      | Noticed Robin
  3578 | D:3      | Killed Robin
  3582 | D:3      | Reached XP level 5. HP: 21/29 MP: 12/15
  3737 | D:3      | Found a sacrificial altar of Ru.
  3737 | D:3      | Found a sparkling altar of Nemelex Xobeh.
  3988 | D:4      | Reached skill level 6 in Spellcasting
  4199 | D:4      | Reached skill level 1 in Fire Magic
  4256 | D:4      | Found a staircase to the Ecumenical Temple.
  4271 | Temple   | Entered the Ecumenical Temple
  4297 | Temple   | Mangled by a sleepcap

Illustrated notes

Levels and vault maps discovered:
D:1:      psy_arrival_radial01, layout_loops_ring
D:2:      layout_loops_corners, hex_medium
D:3:      layout_basic, nicolae_overflow_two_pavilions,
          ebering_ecumenical_altar_hall, uniq_robin
D:4:      layout_rooms, minmay_temple_entry_sparse_star
Temple:   minmay_temple_curvy_branch

Skill      XL: |  1  2  3  4  5 |
---------------+----------------+-----
Spellcasting   | 5 6 |  6.2
Fighting       | 1 |  1.0
Armour         | 1 |  1.0
Conjurations   | 2 |  2.7
Dodging        | 3 |  3.0
Stealth        | 3 |  3.0
Fire Magic     | 1 |  1.0
Summonings     | |  1.1
Translocations | |  1.1
Air Magic      | |  0.7
Poison Magic   | |  0.9
Evocations     | |  0.3

Action                     |  1- 3 |  4- 6 || total
---------------------------+-------+-------++-------
  Melee: Dagger            |    25 |    23 ||    48
   Cast: Magic Dart        |   127 |    81 ||   208
         Mephitic Cloud    |     2 |     2 ||     4
         Call Imp          |     1 |     3 ||     4
         Blink             |       |     1 ||     1
   Stab: Confused          |       |     1 ||     1
 Armour: Robe              |     9 |    11 ||    20
  Dodge: Dodged            |    51 |    36 ||    87

Table legend: (Time is in decaauts)
 A = Elapsed time spent in this place.
 B = Non-inter-level travel time spent in this place.
 C = Inter-level travel time spent in this place.
 D = Time resting spent in this place.
 E = Time spent auto-exploring this place.
 F = Levels seen in this place.
 G = Mean time per level.
                   A        B        C        D        E       F      G
               +--------+--------+--------+--------+--------+-----+--------+
         Total |   4298 |   4239 |     59 |    115 |   3586 |   5 |  859.6 |
       Dungeon |   4272 |   4213 |     59 |    115 |   3586 |   4 | 1068.0 |
        Temple |     25 |     25 |      0 |      0 |      0 |   1 |   25.0 |
               +--------+--------+--------+--------+--------+-----+--------+

Top non-repeatable levels by time:
     D:1: 1530 daAuts
     D:2: 1397 daAuts
     D:3: 1019 daAuts
     D:4: 324 daAuts
  Temple: 25 daAuts
